 Dungeon Crawl Stone Soup version 0.30-a0-852-g08b95dd62f (webtiles) character file.

Game seed: 3479283253892477696

1008 Firecrotchwizard the Trooper (level 8, -2/61 HPs)
             Began as a Djinni Fire Elementalist on Mar 4, 2023.
             Was an Initiate of Makhleb.
             Slain by a water moccasin (3 damage)
             ... on level 6 of the Dungeon.
             The game lasted 00:13:18 (4817 turns).

Firecrotchwizard the Trooper (DjFE)                 Turns: 4817, Time: 00:13:19

Health: -2/61      AC:  3    Str:  7    XL:     8   Next: 44%
Gold:   341        EV: 12    Int: 19    God:    Makhleb [......] SH:  0 Dex: 14

rFire   + + .      SeeInvis .    o - +2 dagger (flame)
rCold   . . .      Faith    .    (no shield)
rNeg    . . .      Spirit   .    a - +1 robe
rPois   ∞          Reflect  .    (no helmet)
rElec   .          Rampage  .    (no cloak)
rCorr   .                        (no gloves)
Will    .....                    (boots unavailable)
Stlth   ++                       (no amulet)
HPRegen 0.30/turn                C - ring of protection from cold {rC+, !d}
MPRegen 0.00/turn                (no ring)

@: weakened, flying
A: sickness immunity, fire resistance 2, cold vulnerability 1, float, innate
caster, HP casting, extra vitality 1
a: Renounce Religion


You were on level 6 of the Dungeon.
You worshipped Makhleb.
Makhleb was noncommittal.
You visited 2 branches of the dungeon, and saw 7 of its levels.

You collected 341 gold pieces.

Inventory:

Hand Weapons
 d - a +0 dagger
   (You took it off a goblin on level 1 of the Dungeon)
 o - a +2 dagger of flaming (weapon)
   (You took it off an orc wizard on level 5 of the Dungeon)
Missiles
 h - 8 poisoned darts
 s - 72 stones (quivered)
Armour
 a - a +1 robe (worn)
Jewellery
 C - a ring of protection from cold (left hand) {rC+, !d}
   (You found it on level 3 of the Dungeon)
Wands
 q - a wand of flame (17)
   (You found it on level 6 of the Dungeon)
 y - a wand of mindburst (17)
   (You found it on level 3 of the Dungeon)
Scrolls
 b - a scroll of poison
 f - 5 scrolls of identify {@r1}
Potions
 c - a potion of berserk rage {unknown}
 e - 2 potions of heal wounds {unknown}
 g - a potion of ambrosia {unknown}
 i - a potion of degeneration {unknown}
 j - a potion of invisibility {unknown}
 k - a potion of mutation {unknown}
 l - 2 potions of magic {unknown}
 m - 3 potions of lignification {unknown}
 n - 2 potions of cancellation {unknown}
 p - a potion of haste {unknown}
 J - 4 potions of curing {@q1}
 M - 4 potions of might


   Skills:
 + Level 6.2 Fighting
 - Level 2.1 Dodging
 - Level 1.5 Stealth
 + Level 5.4 Spellcasting
 + Level 1.8 Invocations


You knew the following spells:

 Your Spells              Type           Power      Damage    Failure   Level
a - Foxfire               Conj/Fire      100%       2x1d9     1%          1
b - Scorch                Fire           50%        2d7       1%          2
c - Kindle Blastsparks    Fire/Tloc/Air  50%        2d14      3%          3
d - Inner Flame           Hex/Fire       25%        N/A       3%          3
e - Flame Wave            Conj/Fire      25%        2d8       13%         4
f - Shock                 Conj/Air       100%       1d9       1%          1
g - Ensorcelled Hibernat  Hex/Ice        50%        N/A       1%          2
x - Vampiric Draining     Necr           25%        2d7       3%          3
Your spell library was empty.

Dungeon Overview and Level Annotations

Branches:
Dungeon (6/15)             Temple (1/1) D:6

Altars:
Ashenzari
Cheibriados
Elyvilon
Fedhas
Gozag
Makhleb
Nemelex Xobeh
Okawaru
Qazlal
Ru
Trog
Uskayaw
Wu Jian
Xom
Yredelemnul
The Shining One

Shops:
D:1 =   D:5 *

Annotations:
D:5 1 runed translucent door, jasper's ghost, novice DEVM


Innate Abilities, Weirdness & Mutations

You are immune to sickness and miasma.
You are immune to poison.
Your flesh is very heat resistant. (rF++)
You are vulnerable to cold. (rC-)
You float through the air rather than walking.
You learn spells naturally, not from books.
Your magical power is your life essence.
You have superior vitality. (+4 MHP)


Message History

You feel as though you will be weak longer.
A water moccasin comes into view.
The gnoll barely misses you.
Flames lash the gnoll.
The gnoll's fire resistance burns away.
You take 2 damage, and have 57/61 hp.
Flames lash the gnoll bouda but do no damage.
You take 1 damage, and have 56/61 hp.
Flames lash the gnoll bouda.
The gnoll bouda's fire resistance burns away.
You take 2 damage, and have 54/61 hp.
Flames lash the gnoll.
The gnoll is burned terribly!
You kill the gnoll!
Makhleb accepts your kill. The gnoll bouda barely misses you.
You take 2 damage, and have 52/61 hp.
Flames lash the gnoll bouda.
The gnoll bouda is burned terribly!
The gnoll bouda barely misses you. The gnoll completely misses you.
You take 2 damage, and have 50/61 hp.
You shred the net and break free!
The gnoll bouda hits you with a +0 club.
The gnoll hits you from afar with a +0 spear.
You take 9 damage, and have 41/61 hp.
The gnoll bouda attacks as you move away!
The gnoll bouda barely misses you.
The gnoll bouda attacks as you move away!
The gnoll bouda hits you with a +0 club!
The gnoll is no longer moving quickly.
You take 9 damage, and have 32/61 hp.
The gnoll bouda attacks as you move away!
The gnoll bouda misses you.
The gnoll bouda is no longer more vulnerable to fire.
The gnoll is no longer moving quickly.
The gnoll bouda barks out a call to the hunt!
The gnolls pick up the pace!
The gnoll is no longer moving quickly.
The gnoll bouda barks out a call to the hunt!
The gnoll picks up the pace!
The gnoll bouda gazes fiercely through you!
You feel as though you will be weak longer.
You conjure some foxfire!
You take 1 damage, and have 35/61 hp.
Flames lash the gnoll bouda.
The gnoll bouda's fire resistance burns away.
Your attacks no longer feel as feeble.
The foxfire hits the gnoll bouda but does no damage.
The foxfire hits the gnoll bouda.
The gnoll hits you but does no damage.
You take 2 damage, and have 33/61 hp.
You conjure some foxfire!
The gnoll bouda gazes fiercely through you!
You feel your attacks grow feeble.
The gnoll bouda hits you with a +0 club.
The gnoll hits you from afar with a +0 spear.
The gnoll hits you from afar with a +0 spear!
You take 14 damage, and have 19/61 hp.
MASSIVE DAMAGE!!
Okay, then.
Aim: a gnoll bouda, wielding a +0 club and wearing a +0 robe of cold resistance (almost dead, more vulnerable to fire, ally target)
You draw life force from the gnoll bouda!
You kill the gnoll bouda!
Makhleb accepts your kill.
You feel life coursing into your body.
* * * LOW HITPOINT WARNING * * *
The foxfire hits the gnoll.
The foxfire hits the gnoll but does no damage.
The gnoll barely misses you. x2
You take 2 damage, and have 17/61 hp.
Aim: a water moccasin You draw life force from the water moccasin!
You feel life coursing into your body. The water moccasin barely misses you.
The gnoll hits you from afar with a +0 spear.
* * * LOW HITPOINT WARNING * * *
The gnoll hits you from afar with a +0 spear.
* * * LOW HITPOINT WARNING * * *
The gnoll barely misses you.
You take 8 damage, and have 9/61 hp.
Aim: a water moccasin (moderately wounded)
You draw life force from the water moccasin.
You feel life coursing into your body.
* * * LOW HITPOINT WARNING * * *
The water moccasin completely misses you.
The gnoll hits you from afar with a +0 spear.
* * * LOW HITPOINT WARNING * * *
The gnoll closely misses you. The gnoll barely misses you.
The water moccasin bites you but does no damage.
You take 5 damage, and have 4/61 hp.
Okay, then.
You feel better.
The gnoll is no longer moving quickly.
The gnoll barely misses you. The water moccasin misses you.
The gnoll misses you.
The gnoll hits you from afar with a +0 spear.
* * * LOW HITPOINT WARNING * * *
You feel better. The water moccasin barely misses you.
The gnoll hits you from afar with a +0 spear.
* * * LOW HITPOINT WARNING * * *
The gnoll hits you from afar with a +0 spear!
* * * LOW HITPOINT WARNING * * *
The gnoll closely misses you.
You take 4 damage, and have 1/61 hp.
The water moccasin bites you.
You die...

**,,**,,,,,,,,#......#.#.....#
***,,*****,,_,,*#......#.#.....#
*,,,** *******#......#.#.....#
**,*** *,,,,######<###.#######
*,,* **,,##..# #.# #.# # ,,**
####...# #.# #.# ## ***
#......###.###.######.
############..g..................
g....S.......ggS@.........#####..
############.......##.###.# ##..
**** *###.......##.# #.####...
,,,* *........#.##.# #.#.....#
**** #........#.##.###.#.###.#
### #........#.##.#.....# #.# #<#
#.............#.....# #..
####.####........#.###......# #..
.................#.##..#....# #..


You could see a water moccasin and 3 gnolls.

Vanquished Creatures
  2 sky beasts
  An ogre (D:5)
  2 scorpions
  2 howler monkeys
  A hound (D:5)
  A jelly (D:5)
  4 orc priests
  A gnoll bouda (D:6)
  4 iguanas
  An orc wizard (D:5)
  6 gnolls
  4 adders
  2 white imps
  An ufetubus (D:6)
  A worm (D:2)
  A dart slug (D:2)
  17 orcs
  8 endoplasms
  2 giant cockroaches
  6 goblins
  5 hobgoblins
  7 jackals
  4 kobolds
  2 quokkas
  6 ball pythons
  7 bats
  4 frilled lizards
  6 rats
108 creatures vanquished.

Vanquished Creatures (collateral kills)
  7 foxfires (D:2)
7 creatures vanquished.

Vanquished Creatures (others)
  305 foxfires
  2 plants (D:2)
307 creatures vanquished.

Grand Total: 422 creatures vanquished

Notes
Turn   | Place    | Note
-------+----------+-------------------------------------------
     0 | D:1      | Firecrotchwizard the Djinni Fire Elementalist began the
                  | quest for the Orb.
     0 | D:1      | Firecrotchwizard set off with the following spells
                  | memorised: Foxfire, Scorch, Kindle Blastsparks, Inner
                  | Flame, Flame Wave.
     0 | D:1      | Reached XP level 1. HP: 15/15 MP: 0/0
   106 | D:1      | Reached XP level 2. HP: 20/22 MP: 0/0
   118 | D:1      | Reached skill level 1 in Fighting
   214 | D:1      | Reached XP level 3. HP: 26/27 MP: 0/0
   214 | D:1      | Learned a level 1 spell: Shock
   387 | D:1      | Found Geudef's Jewellery Emporium.
   629 | D:1      | Reached skill level 2 in Fighting
   629 | D:1      | Reached skill level 3 in Spellcasting
   885 | D:2      | Reached XP level 4. HP: 31/33 MP: 0/0
  1941 | D:3      | Reached XP level 5. HP: 39/40 MP: 0/0
  1941 | D:3      | Learned a level 2 spell: Ensorcelled Hibernation
  1960 | D:3      | Reached skill level 3 in Fighting
  1998 | D:3      | Found a faded altar of an unknown god.
  2414 | D:4      | Noticed a sky beast
  2418 | D:4      | Killed a sky beast
  2419 | D:4      | Reached XP level 6. HP: 41/47 MP: 0/0
  2489 | D:4      | Reached skill level 4 in Fighting
  2489 | D:4      | Reached skill level 4 in Spellcasting
  2538 | D:4      | Found an ornate altar of the Wu Jian Council.
  3116 | D:5      | Entered Level 5 of the Dungeon
  3268 | D:5      | Reached XP level 7. HP: 45/53 MP: 0/0
  3268 | D:5      | Learned a level 3 spell: Vampiric Draining
  3438 | D:5      | Reached skill level 5 in Fighting
  3447 | D:5      | HP: 10/54 [iguana (8)]
  3790 | D:5      | Found Xommibb's Assorted Antiques.
  3954 | D:5      | Noticed jasper's ghost (novice DEVM)
  3955 | D:5      | Found a runed translucent door.
  4075 | D:5      | Reached skill level 5 in Spellcasting
  4075 | D:5      | Reached XP level 8. HP: 56/61 MP: 0/0
  4444 | D:6      | Found a staircase to the Ecumenical Temple.
  4453 | Temple   | Entered the Ecumenical Temple
  4459 | Temple   | Became a worshipper of Makhleb the Destroyer
  4553 | D:6      | Reached skill level 6 in Fighting
  4553 | D:6      | Reached skill level 1 in Invocations
  4813 | D:6      | HP: 14/61 [gnoll/+0 spear[a gnoll bouda] (5)]
  4814 | D:6      | HP: 4/61 [gnoll/+0 spear[a gnoll bouda] (5)]
  4816 | D:6      | HP: 1/61 [gnoll/+0 spear[a gnoll bouda] (10)]
  4817 | D:6      | Slain by a water moccasin

Illustrated notes

Levels and vault maps discovered:
D:1:      lemuel_arrival_rhombus, layout_basic, serial_shops, shop_fountains,
          serial_corexii_hall, corexii_hall_statues_x, corexii_hall_statues_l,
          chequers_serial_rivers_small_3, nrook_mini_backslash
D:2:      layout_rooms, serial_curves, eino_curves_03, eino_curves_01,
          st_stairs_8, nicolae_grassy_gnolls
D:3:      layout_basic, ebering_ecumenical_altar_mist,
          hangedman_decor_diamond_cutter
D:4:      layout_basic, lemuel_crystal_altar, minmay_misc_feat_room
D:5:      minmay_opposing_rooms, layout_loops_ring, serial_shops,
          shop_fountains, hellmonk_ghost_happy_afterlife
D:6:      layout_basic, riverfiend_overflow_shadow_ancestor,
          minmay_temple_entry_waves
Temple:   sentei_temple_godly_chess

Skill      XL: |  1  2  3  4  5  6  7  8 |
---------------+-------------------------+-----
Fighting       | 1 2 3 4 5 6 |  6.2
Spellcasting   | 3 4 5 |  5.4
Invocations    | 1 |  1.8
Dodging        | |  2.1
Stealth        | |  1.5

Action                     |  1- 3 |  4- 6 |  7- 9 || total
---------------------------+-------+-------+-------++-------
  Melee: Dagger            |     4 |     3 |     2 ||     9
   Cast: Foxfire           |    46 |    71 |    63 ||   180
         Shock             |    23 |    16 |       ||    39
         Scorch            |       |     8 |    21 ||    29
         Vampiric Draining |       |       |     6 ||     6
  Evoke: Wand              |       |       |     4 ||     4
    Use: Scroll            |       |    10 |     2 ||    12
         Potion            |       |       |     2 ||     2
 Armour: Robe              |     1 |     2 |     4 ||     7
  Dodge: Dodged            |     5 |     8 |    26 ||    39

Table legend: (Time is in decaauts)
 A = Elapsed time spent in this place.
 B = Non-inter-level travel time spent in this place.
 C = Inter-level travel time spent in this place.
 D = Time resting spent in this place.
 E = Time spent auto-exploring this place.
 F = Levels seen in this place.
 G = Mean time per level.
                   A        B        C        D        E       F      G
               +--------+--------+--------+--------+--------+-----+--------+
         Total |   4814 |   4656 |    158 |    567 |   3456 |   7 |  687.7 |
       Dungeon |   4805 |   4652 |    153 |    567 |   3456 |   6 |  800.8 |
        Temple |      9 |      4 |      5 |      0 |      0 |   1 |    9.0 |
               +--------+--------+--------+--------+--------+-----+--------+

Top non-repeatable levels by time:
     D:5: 1261 daAuts
     D:3: 978 daAuts
     D:1: 772 daAuts
     D:4: 718 daAuts
     D:2: 661 daAuts
     D:6: 412 daAuts
  Temple: 9 daAuts

Table legend:
 A = Kills in this place as a percentage of kills in the entire game.
 B = Kills by you in this place as a percentage of kills by you in the entire game.
 C = Kills by friends in this place as a percentage of kills by friends in the entire game.
 D = Other kills in this place as a percentage of other kills in the entire game.
 E = Experience gained in this place as a percentage of experience gained in the entire game.
 F = Experience gained in this place divided by the number of levels of this place that you have seen.
                   A       B       C       D       E      F
               +-------+-------+-------+-------+-------+----------------------
         Total | 100.0 | 100.0 |   N/A |   N/A | 100.0 | 205.9
       Dungeon | 100.0 | 100.0 |   N/A |   N/A | 100.0 | 240.2
               +-------+-------+-------+-------+-------+----------------------
